 Dungeon Crawl Stone Soup version 0.17-a0-1133-gfb1399f (webtiles) character file.

43214 OTRawrior the Fighter (level 14, -2/129 HPs)
             Began as a Gargoyle Wizard on May 25, 2015.
             Was a High Priest of Vehumet.
             Slain by an eight-headed hydra (4 damage)
             ... on level 6 of the Lair of Beasts.
             The game lasted 02:09:43 (29445 turns).

OTRawrior the Fighter (Gargoyle Wizard)            Turns: 29445, Time: 02:09:45

Health: -2/129     AC: 27    Str: 14    XL:     14   Next: 23%
Magic:  4/34       EV:  2    Int: 23    God:    Vehumet [*****.]
Gold:   1116       SH:  6    Dex:  8    Spells: 8 memorised, 2 levels left

rFire  . . .     SeeInvis .     w - staff of energy
rCold  . . .     Clarity  +     (armour currently unavailable)
rNeg   + + +     SustAt   .     x - +1 buckler
rPois  ∞         Gourm    .     (helmet currently unavailable)
rElec  .         Spirit   .     (cloak currently unavailable)
rCorr  .         Warding  .     (gloves currently unavailable)
rMut   .         NoTele   +     (boots currently unavailable)
MR     +....                    n - amulet of clarity
Stlth  ++........               p - ring of magical power
                                i - ring of teleport control

@: tree-form, repel missiles, somewhat resistant to hostile enchantments,
unstealthy
A: (big wings), negative energy resistance 1, (electricity resistance), spit
poison 1, strong 1, (unbreathing), petrification resistance, rot immunity, AC +9
a: Spit Poison, Renounce Religion, Evoke Teleport Control


You were on level 6 of the Lair of Beasts.
You worshipped Vehumet.
Vehumet was extremely pleased with you.
You were not hungry.
You were a tree.
You visited 3 branches of the dungeon, and saw 21 of its levels.
You also visited: Ice Cave.

You collected 1170 gold pieces.
You spent 54 gold pieces at shops.

Inventory:

Armour
 b - a +0 hat (melded)
 f - a +0 pair of boots (melded)
 h - a +0 pair of gloves (melded)
 x - a +1 buckler (worn)
 P - a +2 ring mail of cold resistance (melded)
Magical staves
 w - an uncursed staff of energy (weapon)
 G - an uncursed staff of air {unknown}
Jewellery
 i - a ring of teleport control (left branch)
 n - an amulet of clarity (around neck)
 p - a ring of magical power (right branch)
 q - a cursed -2 ring of strength {unknown}
 z - a +2 ring of slaying
 A - an uncursed ring of ice {unknown}
 J - a +6 ring of dexterity
 K - an uncursed ring of positive energy
 L - an uncursed ring of fire
Magical devices
 a - a wand of digging (0)
 k - a wand of lightning (5)
 m - a wand of frost (5)
 u - a wand of teleportation (0)
 y - a wand of polymorph (22)
 R - a wand of random effects (19)
 U - a wand of cold (8)
 V - a wand of polymorph (15)
Scrolls
 l - 4 scrolls of teleportation
 o - a scroll of noise
 t - 2 scrolls of magic mapping
 v - 6 scrolls of remove curse
 E - 3 scrolls of amnesia
 H - 3 scrolls of recharging
 I - 4 scrolls of enchant armour
Potions
 g - a potion of lignification
 j - a potion of agility
 r - 2 potions of flight
 B - a potion of cancellation {unknown}
 C - 2 potions of degeneration
 D - 3 potions of might
Books
 c - a book of Minor Magic

   Spells                             Type                      Level
   a - Magic Dart                     Conjuration                  1
   b - Blink                          Translocation                2
   c - Call Imp                       Summoning                    2
   d - Repel Missiles                 Charms/Air                   2
   e - Slow                           Hexes                        2
   f - Conjure Flame                  Conjuration/Fire             3
   g - Mephitic Cloud                 Conjuration/Poison/Air       3
 e - a book of the Sky

   Spells                             Type                      Level
   a - Summon Lightning Spire         Summoning/Air                4
   b - Airstrike                      Air                          4
   c - Silence                        Hexes/Air                    5
   d - Deflect Missiles               Charms/Air                   6
   e - Conjure Ball Lightning         Conjuration/Air              6
   f - Tornado                        Air                          9
 F - a book of the Earth

   Spells                             Type                      Level
   a - Leda's Liquefaction            Hexes/Earth                  4
   b - Bolt of Magma                  Conjuration/Fire/Earth       5
   c - Statue Form                    Transmutation/Earth          6
   d - Iron Shot                      Conjuration/Earth            6
   e - Shatter                        Earth                        9
 N - a book of Maledictions

   Spells                             Type                      Level
   a - Corona                         Hexes                        1
   b - Ensorcelled Hibernation        Hexes/Ice                    2
   c - Confuse                        Hexes                        3
   d - Tukima's Dance                 Hexes                        3
   e - Dazzling Spray                 Conjuration/Hexes            3
 O - a book of the Dragon

   Spells                             Type                      Level
   a - Flame Tongue                   Conjuration/Fire             1
   b - Cause Fear                     Hexes                        4
   c - Bolt of Fire                   Conjuration/Fire             6
   d - Dragon Form                    Transmutation                7
   e - Dragon's Call                  Summoning                    9
Comestibles
 d - 10 bread rations
 s - 5 beef jerkies
 M - 8 slices of pizza
 W - 15 royal jellies


   Skills:
 * Level 9.6 Fighting
 * Level 8.0 Staves
 - Level 6.0 Armour
 + Level 6.0 Dodging
 - Level 2.1 Stealth
 + Level 7.3 Shields
 + Level 7.5 Spellcasting
 + Level 8.7 Conjurations
   Level 0.8 Summonings
 - Level 0.8 Translocations
 * Level 9.3 Fire Magic
 * Level 8.1 Air Magic
 + Level 6.1 Evocations


You had 2 spell levels left.
You knew the following spells:

 Your Spells              Type           Power        Failure   Level  Hunger
a - Magic Dart            Conj           ####         1%          1    None
b - Mephitic Cloud        Conj/Pois/Air  ####....     1%          3    None
c - Conjure Flame         Conj/Fire      ######..     1%          3    None
d - Fireball              Conj/Fire      ######....   2%          5    None
e - Airstrike             Air            #####.....   1%          4    None
f - Deflect Missiles      Chrm/Air       ####......   99%         6    None
A - Repel Missiles        Chrm/Air       ####..       2%          2    None
B - Blink                 Tloc           N/A          10%         2    None


Dungeon Overview and Level Annotations

Branches:
Dungeon (13/15)            Temple (1/1) D:7            Lair (7/8) D:10
 Shoals (0/4) Lair:4        Snake (0/4) Lair:6        Slime (0/6) Lair:6
    Orc (0/4) D:12
 Vaults: D:13-14

Altars:
Ashenzari
Dithmenos
Elyvilon
Fedhas
Gozag
Kikubaaqudgha
Makhleb
Nemelex Xobeh
Ru
Trog
Vehumet
Xom
Yredelemnul
Zin
The Shining One

Shops:
D:4 :*(*[   D:6 !

Annotations:
D:6 1 runed door
D:12 Erolcha


Innate Abilities, Weirdness & Mutations

You are resistant to torment.
((Your stone body is resilient (AC +9).))
You are immune to poison.
((Your large and strong wings let you fly indefinitely.))
You resist negative energy.
((You are resistant to electric shocks.))
((You can survive without breathing.))
You are immune to petrification.
You are immune to rotting.
You can spit weak poison.
Your muscles are strong. (Str +2)


Message History

* * * LOW HITPOINT WARNING * * *
The eight-headed hydra bites you but does no damage. x3
Read which item? (? for menu, Esc to quit)
Okay, then.
Nothing appears to happen.
The eight-headed hydra bites you but does no damage. x2
The eight-headed hydra bites you.
* * * LOW HITPOINT WARNING * * *
The eight-headed hydra bites you but does no damage. x2
The eight-headed hydra bites you!
* * * LOW HITPOINT WARNING * * *
The eight-headed hydra bites you but does no damage. x2
Drink which item? (? for menu, Esc to quit)
It was a potion of poison.
You feel slightly nauseous.
You block the eight-headed hydra's attack. x2
The eight-headed hydra bites you but does no damage. x3
You block the eight-headed hydra's attack.
The eight-headed hydra bites you but does no damage.
The eight-headed hydra bites you.
You die...

##################
#................#
#...............P#
#...............##
##....♣D........#
#.....#.........#
##....#......>...##
##.................#
#..................#
##.....####........#
#......##.#........#
#.....###........#.#
#####.....##.........##


You could see an eight-headed hydra.

Vanquished Creatures
  The ghost of WhatIsLove the Thaumaturge, a powerful DgCj (Lair:3)
  Erica (D:8)
  10 hydras
  2 griffons
  The ghost of Charly the Cleaver, an experienced FoFi (D:6)
  A black mamba (Lair:5)
  A centaur zombie (D:10)
  A siren (Lair:4)
  Joseph (D:8)
  A torpor snail (Lair:4)
  8 spiny frogs
  6 komodo dragons
  A fire drake (Lair:5)
  3 trolls
  A queen bee (Lair:6)
  12 blink frogs
  2 two-headed ogres (D:8)
  53 yaks
  A shadow (D:11)
  A human (D:7)
  A basilisk (Lair:6)
  3 wyverns (D:8)
  A hog (D:7)
  23 wolves
  2 hungry ghosts
  4 hippogriffs
  3 nagas (Lair:6)
  14 porcupines
  15 water moccasins
  2 soldier ants (D:6)
  5 black bears
  3 sky beasts
  7 ogres
  4 orc warriors
  A necrophage (D:10)
  3 phantoms
  9 centaurs
  2 big kobolds
  11 crocodiles
  21 giant frogs
  2 wyvern skeletons
  A water moccasin skeleton (D:5)
  2 scorpions (D:6)
  13 wights
  5 jellies
  34 killer bees
  An electric eel (Lair:4)
  9 crimson imps
  2 giant frog zombies
  8 orc priests
  11 orc wizards
  2 giant frog skeletons (D:9)
  5 hounds
  9 iguanas
  12 worker ants
  17 sheep
  A hound skeleton (D:8)
  A mummy (D:8)
  A worker ant zombie (D:9)
  31 river rats
  11 adders
  4 shadow imps
  2 oozes
  An adder skeleton (D:6)
  4 worms
  6 giant geckos
  51 orcs
  2 ball pythons
  9 giant cockroaches
  14 goblins
  15 hobgoblins
  12 jackals
  18 kobolds
  4 quokkas
  12 bats
  2 giant newts
  A kobold zombie (D:8)
  2 orc zombies (D:8)
  2 quokka skeletons
  10 rats
  A bush (Lair:3)
  A butterfly (D:6)
  A fungus (Lair:6)
  A plant (Lair:1)
595 creatures vanquished.

Vanquished Creatures (collateral kills)
  An orc wizard (D:8)
  An orc (D:10)
2 creatures vanquished.

Vanquished Creatures (others)
  A fulminant prism (Lair:3)
  A hippogriff (D:13)
  An orc wizard (D:6)
  A worker ant (D:6)
  An orc zombie (D:8)
  2 fungi (Lair:7)
  7 plants (D:10)
14 creatures vanquished.

Grand Total: 611 creatures vanquished

Notes
Turn   | Place    | Note
--------------------------------------------------------------
     0 | D:1      | OTRawrior the Gargoyle Wizard began the quest for the Orb.
     0 | D:1      | Reached XP level 1. HP: 10/10 MP: 4/4
   218 | D:1      | Reached XP level 2. HP: 15/15 MP: 0/6
   647 | D:2      | Reached XP level 3. HP: 5/19 MP: 0/7
   775 | D:1      | Learned a level 3 spell: Mephitic Cloud
   779 | D:1      | Learned a level 3 spell: Conjure Flame
  1673 | D:2      | Reached XP level 4. HP: 22/24 MP: 9/9
  2025 | D:2      | Found a shattered altar of Ashenzari.
  2321 | D:3      | Noticed a giant frog
  2328 | D:3      | Killed a giant frog
  2328 | D:3      | Reached skill level 4 in Conjurations
  2328 | D:3      | Reached XP level 5. HP: 21/28 MP: 10/10
  2332 | D:3      | Learned a level 2 spell: Repel Missiles
  2942 | D:3      | Noticed a sky beast
  2967 | D:3      | Killed a sky beast
  2967 | D:3      | Reached skill level 5 in Conjurations
  2967 | D:3      | Reached XP level 6. HP: 32/32 MP: 7/12
  3095 | D:4      | Found Benihurgh's General Store.
  3097 | D:4      | Found Nedgh's Armour Emporium.
  3133 | D:4      | Bought a +0 buckler for 54 gold pieces
  3144 | D:4      | Found Ydofunuk's Book Emporium.
  3343 | D:4      | Found Xeymil's Antique Weapon Shoppe.
  3481 | D:4      | Found Maulejob's Assorted Antiques.
  3927 | D:4      | Reached skill level 1 in Fighting
  4155 | D:5      | Entered Level 5 of the Dungeon
  4301 | D:5      | Reached XP level 7. HP: 13/38 MP: 3/13
  4310 | D:5      | Reached skill level 1 in Fire Magic
  4470 | D:5      | Reached skill level 1 in Air Magic
  4677 | D:5      | Learned a level 2 spell: Blink
  4879 | D:5      | Reached skill level 1 in Armour
  4909 | D:6      | Noticed Charly's ghost (experienced FoFi)
  5146 | D:6      | Found Legulog's Distillery.
  5169 | D:6      | Reached skill level 1 in Evocations
  5343 | D:6      | Reached skill level 1 in Shields
  5385 | D:6      | Killed Charly's ghost
  5385 | D:6      | Reached XP level 8. HP: 26/46 MP: 15/15
  5891 | D:6      | Found a runed door.
  5894 | D:6      | Found a runed door.
  5908 | D:6      | Reached skill level 5 in Spellcasting
  5921 | D:6      | Reached skill level 6 in Conjurations
  6204 | D:6      | Reached XP level 9. HP: 45/52 MP: 9/16
  6559 | D:7      | Found a staircase to the Ecumenical Temple.
  6640 | Temple   | Entered the Ecumenical Temple
  6651 | Temple   | Became a worshipper of Vehumet
  8321 | D:7      | Acquired Vehumet's first power
  8321 | D:7      | Offered knowledge of Shock by Vehumet.
  8450 | D:8      | Noticed Joseph
  8469 | D:8      | Killed Joseph
  8469 | D:8      | Reached skill level 5 in Fighting
  8469 | D:8      | Reached XP level 10. HP: 36/59 MP: 2/18
  8711 | D:8      | Reached skill level 5 in Fire Magic
  8983 | D:8      | Reached skill level 1 in Staves
  9791 | D:8      | Offered knowledge of Throw Frost by Vehumet.
 10045 | D:8      | Reached skill level 7 in Conjurations
 11016 | D:9      | Noticed Erica
 11045 | D:9      | Gained mutation: You can spit weak poison. [potion of beneficial mutation]
 12138 | D:8      | Killed Erica
 12138 | D:8      | Reached skill level 5 in Air Magic
 12138 | D:8      | Reached XP level 11. HP: 39/64 MP: 7/19
 12314 | D:9      | Offered knowledge of Static Discharge by Vehumet.
 12439 | D:9      | You fall through a shaft for 3 floors!
 12447 | D:12     | Noticed Erolcha
 12451 | D:12     | Noticed an eight-headed hydra
 12454 | D:12     | Noticed a hill giant
 12470 | D:12     | Noticed a hill giant
 12524 | D:12     | Found a staircase to the Orcish Mines.
 12537 | D:12     | Noticed a hill giant
 13241 | D:10     | Entered Level 10 of the Dungeon
 13337 | D:10     | Acquired Vehumet's second power
 15003 | D:9      | Offered knowledge of Ignite Poison by Vehumet.
 16247 | D:10     | Got a brightly glowing leather armour
 16644 | D:10     | Found a staircase to the Lair.
 16799 | D:10     | Acquired Vehumet's third power
 17180 | D:11     | Offered knowledge of Iskenderun's Battlesphere by Vehumet.
 17589 | D:11     | Identified the cursed +1 leather armour of the Albatross {rPois MP+9} (You found it on level 10 of the Dungeon)
 18018 | Lair:1   | Entered Level 1 of the Lair of Beasts
 18034 | Lair:1   | Reached skill level 5 in Shields
 18269 | Lair:1   | Reached skill level 5 in Armour
 18390 | Lair:1   | Reached XP level 12. HP: 42/72 MP: 4/21
 18997 | Lair:1   | Got a crystal morningstar
 18998 | Lair:1   | Identified the cursed +2 morningstar of Onutaluc {crush, Str-4 Dex+5 Stlth+} (You found it on level 1 of the Lair of Beasts)
 19397 | Lair:1   | Noticed a four-headed hydra
 19552 | Lair:2   | Offered knowledge of Fireball by Vehumet.
 19559 | Lair:2   | Learned a level 5 spell: Fireball
 19580 | Lair:2   | Reached skill level 5 in Staves
 19744 | Lair:2   | Noticed an eight-headed hydra
 19761 | Lair:2   | Found a frozen archway.
 19785 | IceCv    | Entered an ice cave
 19844 | Lair:2   | Noticed a four-headed hydra
 20281 | Lair:1   | Killed a four-headed hydra
 20281 | Lair:1   | Reached skill level 5 in Dodging
 20423 | Lair:2   | Killed a four-headed hydra
 20426 | Lair:2   | Reached skill level 5 in Evocations
 20680 | Lair:2   | Killed an eight-headed hydra
 20680 | Lair:2   | Reached skill level 8 in Fire Magic
 22158 | Lair:3   | Gained mutation: Your muscles are strong. (Str +2) [potion of beneficial mutation]
 22247 | Lair:3   | Noticed WhatIsLove's ghost (powerful DgCj)
 22271 | Lair:3   | Killed WhatIsLove's ghost
 22337 | Lair:3   | Reached XP level 13. HP: 43/79 MP: 2/23
 22530 | Lair:3   | Noticed an eight-headed hydra
 22719 | Lair:3   | Killed an eight-headed hydra
 24559 | Lair:4   | Identified a scroll of acquirement
 24717 | Lair:4   | Learned a level 4 spell: Airstrike
 24724 | Lair:4   | Learned a level 6 spell: Deflect Missiles
 25014 | Lair:4   | Found a staircase to the Shoals.
 25058 | Lair:4   | Offered knowledge of Irradiate by Vehumet.
 25947 | Lair:5   | Reached skill level 9 in Fire Magic
 26910 | Lair:6   | Found a staircase to the Slime Pits.
 27594 | Lair:6   | Found a staircase to the Snake Pit.
 27622 | Lair:6   | Gained mutation: Your large and strong wings let you fly indefinitely. [Gargoyle growth]
 27622 | Lair:6   | Reached XP level 14. HP: 86/86 MP: 10/25
 29444 | Lair:6   | HP: 2/129 [eight-headed hydra (8)]
 29445 | Lair:6   | Slain by an eight-headed hydra

Vault maps used:
D:1:      lightli_arrival_flooded_house
D:2:      ashenzari_conservatory_becter
D:4:      serial_shops, shop, shop, nicolae_shop_temple_entry_statues_fountains,
          kennysheep_mini, nicolae_shop_window_shopping
D:5:      first_bread
D:6:      lemuel_insect_pit, serial_shops, shop
D:7:      minmay_temple_entry_junction, grunt_livestock
D:8:      grunt_decor_fettered, minmay_mini_ossuary, uniq_joseph
D:9:      serial_glass, glass_columns_c, glass_columns_a, glass_columns_b,
          glass_columns_c, glass_columns_a, glass_columns_a, glass_columns_a,
          glass_columns_b, spider_trap, uniq_erica
D:10:     david_lair_shrubbed
D:12:     orc_0_dummy, nicolae_evil_shop, uniq_erolcha
D:13:     uniq_sonja
Temple:   dpeg_three_leaves_temple_18
Lair:1:   gammafunk_lair_bear_cave
Lair:2:   portal_ice_cave_entry_pillars_01, patterned_corridor
Lair:4:   elwin_shoals_entry_rooms, grunt_megastairs_2
Lair:5:   infiniplex_staircase_pool_2
Lair:6:   minmay_snake_entry_guardpost_small, minmay_slime_entry_pillars,
          special_room, bh_autumn_forest_stairs
IceCv:    ice_cave_small_giant

Action                   |  1- 3 |  4- 6 |  7- 9 | 10-12 | 13-15 || total
-------------------------+-------+-------+-------+-------+-------++-------
Melee: Unarmed           |    19 |       |     2 |   232 |     5 ||   258
       Mace              |       |       |    59 |       |       ||    59
       Staff             |       |       |       |       |    14 ||    14
 Cast: Magic Dart        |    96 |   142 |   367 |  1300 |   119 ||  2024
       Mephitic Cloud    |     1 |     3 |    19 |   112 |     2 ||   137
       Conjure Flame     |       |     1 |     6 |    56 |     2 ||    65
       Repel Missiles    |       |       |       |     3 |       ||     3
       Blink             |       |       |       |    12 |    12 ||    24
       Fireball          |       |       |       |    66 |   240 ||   306
       Airstrike         |       |       |       |       |     3 ||     3
Evoke: Wand              |       |       |       |    14 |    11 ||    25
       Staff of energy   |       |       |       |       |    33 ||    33
  Use: Scroll            |     2 |     3 |     3 |    20 |     9 ||    37
       Potion            |       |     2 |     2 |    15 |     4 ||    23
 Stab: Confused          |       |       |       |     4 |       ||     4
  Eat: Chunk             |     2 |     8 |     8 |    15 |    14 ||    47
       Meat ration       |       |       |     2 |     4 |     4 ||    10
       Bread ration      |       |       |       |     5 |       ||     5
       Fruit             |       |       |       |     3 |     7 ||    10
       Beef jerky        |       |       |       |       |     2 ||     2
